Kradschützen Motorcycle Team
Construct Light Support Kompanie
Selects Italian Combined Arms Battlegroup
Selects Bersaglieri Squad
Selects Vehicle Support - Secure Location
Construct Panzerarmee Kommand
Selects Breda Model 30 Light Machine Guns
le.IG 18 Mechanized Group
Selects Semovente da 75/18 Assault Gun